 Dungeon Crawl Stone Soup version 0.29.0-5-ge4962eb29e (webtiles) character file.

Game seed: 485976990478864632

16348 greasedhog the Thaumaturge (level 12, -6/136 HPs)
             Began as a Gnoll Wanderer on Aug 28, 2022.
             Was a High Priest of Sif Muna.
             Mangled by an ettin
             ... wielding a +0 dire flail
              (15 damage)
             ... on level 1 of the Orcish Mines.
             The game lasted 00:28:49 (13215 turns).

greasedhog the Thaumaturge (Gnoll Wanderer)        Turns: 13215, Time: 00:28:49

Health: -6/136     AC: 26    Str: 10    XL:     12   Next: 36%
Magic:  26/26      EV:  2    Int: 13    God:    Sif Muna [*****.]
Gold:   843        SH:  6    Dex: 17    Spells: 23/31 levels left

rFire   . . .      SeeInvis .   a - +8 whip "Snakebite" {venom, curare, rPois}
rCold   . . .      Faith    .   O - +0 buckler
rNeg    . . .      Spirit   .   (body armour currently unavailable)
rPois   +          Reflect  .   (helmet currently unavailable)
rElec   .          Harm     .   (cloak currently unavailable)
rCorr   .          Rampage  .   (gloves currently unavailable)
Will    .....      NoTele   +   (boots currently unavailable)
Stlth   ++++......              (no amulet)
HPRegen 0.32/turn               l - +4 ring of evasion
MPRegen 0.20/turn               F - +4 ring of slaying

@: brilliant, tree-form, hasted, very quick
A: stationary, stasis, torment immunity, boosted hp, (fangs 1), strong nose,
distributed training, inability to drink after injury 1
a: Renounce Religion, Channel Magic, Forget Spell, Divine Exegesis


You were on level 1 of the Orcish Mines.
You worshipped Sif Muna.
Sif Muna was extremely pleased with you.
You were a tree.
You visited 3 branches of the dungeon, and saw 14 of its levels.

You collected 843 gold pieces.

Inventory:

Hand Weapons
 a - the +8 whip "Snakebite" (weapon) {venom, curare, rPois}
   (You found it on level 4 of the Dungeon)

   It poisons the flesh of those it strikes.
   It occasionally inflicts asphyxiating poison on those it strikes, dealing
   poison damage and causing slowness.
   rPois:     It protects you from poison.
 b - the +5 sling of Cueduafu {vorpal, rN+ rCorr Dex+4 Stlth+}
   (You took it off a hobgoblin on level 3 of the Dungeon)

   Any ammunition fired from it inflicts extra damage upon your enemies.
   Dex:       It affects your dexterity (+4).
   rN:        It protects you from negative energy.
   rCorr:     It protects you from acid and corrosion.
   Stlth:     It makes you more stealthy.
 c - the +11 mace "Giwugri" {freeze, rElec rF+ Will- Dex+4}
   (You found it on level 7 of the Dungeon)

   It freezes those it strikes, dealing additional cold damage.
   It can also slow down cold-blooded creatures.
   Dex:       It affects your dexterity (+4).
   rF:        It protects you from fire.
   rElec:     It insulates you from electricity.
   Will:      It decreases your willpower.
Missiles
 G - a throwing net
Armour
 k - a +0 cloak (melded)
 r - a +0 pair of boots (melded)
 s - a +0 troll leather armour (melded)
 w - a +0 pair of gloves (melded)
 O - a +0 buckler (worn)
Jewellery
 l - a +4 ring of evasion (left branch)
 F - a +4 ring of slaying (right branch)
Wands
 z - a wand of paralysis (3)
 D - a wand of flame (66)
Scrolls
 f - 2 scrolls of amnesia
 h - a scroll of magic mapping
 j - 3 scrolls of poison
 o - 2 scrolls of butterflies
 p - a scroll of immolation
 q - 3 scrolls of blinking
 t - 3 scrolls of brand weapon
 v - 2 scrolls of enchant armour {unknown}
 y - a scroll of silence {unknown}
 I - 2 scrolls of teleportation {unknown}
 K - a scroll of torment {unknown}
Potions
 e - 3 potions of lignification
 i - 4 potions of curing
 n - 2 potions of ambrosia {unknown}
 B - 3 potions of flight {unknown}
 C - 4 potions of haste
 E - a potion of resistance {unknown}
 J - a potion of magic {unknown}
 L - a potion of might {unknown}
 N - a potion of attraction {unknown}
Miscellaneous
 d - a piece from Xom's chessboard (14/15)


   Skills:
 + Level 7.5 Fighting
 + Level 7.5 Short Blades
 + Level 7.5 Long Blades
 + Level 7.5 Axes
 + Level 7.5 Maces & Flails
 + Level 7.5 Polearms
 + Level 7.5 Staves
 + Level 7.5 Ranged Weapons
 + Level 7.5 Throwing
 + Level 7.5 Armour
 + Level 8.0 Dodging
 + Level 7.5 Stealth
 + Level 7.5 Shields
 + Level 7.5 Unarmed Combat
 + Level 10.4 Spellcasting
 + Level 6.2 Conjurations
 + Level 6.2 Hexes
 + Level 6.2 Summonings
 + Level 6.2 Necromancy
 + Level 6.2 Translocations
 + Level 6.2 Transmutations
 + Level 6.2 Fire Magic
 + Level 8.4 Ice Magic
 + Level 6.2 Air Magic
 + Level 6.2 Earth Magic
 + Level 6.2 Poison Magic
 + Level 8.2 Invocations
 + Level 10.0 Evocations


You had 23 spell levels left.
You knew the following spells:

 Your Spells              Type           Power      Damage    Failure   Level
a - Freeze                Ice            100%       1d11      1%          1
b - Ensorcelled Hibernat  Hex/Ice        76%        N/A       1%          2
c - Ozocubu's Armour      Ice            42%        N/A       1%          3
d - Wereblood             Tmut           34%        N/A       1%          2

Your spell library contained the following spells:

 Spells                   Type           Power      Damage    Failure   Level
 Beastly Appendage        Tmut           68%        N/A       1%          1
 Foxfire                  Conj/Fire      100%       2x1d9     1%          1
 Slow                     Hex            100%       N/A       1%          1
 Sting                    Tmut/Pois      100%       1d8       1%          1
 Passwall                 Tmut/Erth      28%        N/A       1%          2
 Call Canine Familiar     Summ           34%        N/A       3%          3
 Confusing Touch          Hex            34%        N/A       3%          3
 Conjure Flame            Conj/Fire      34%        6-21      3%          3
 Ignite Poison            Fire/Tmut/Pois 34%        N/A       3%          3
 Inner Flame              Hex/Fire       34%        N/A       3%          3
 Portal Projectile        Hex/Tloc       68%        N/A       3%          3
 Spider Form              Tmut/Pois      34%        N/A       3%          3
 Swiftness                Air            34%        N/A       3%          3
 Vampiric Draining        Necr           34%        2d8       3%          3
 Flame Wave               Conj/Fire      34%        2d10      10%         4
 Leda's Liquefaction      Hex/Erth       17%        N/A       10%         4
 Summon Lightning Spire   Summ/Air       34%        N/A       10%         4
 Fireball                 Conj/Fire      17%        3d9       28%         5
 Yara's Violent Unravell  Hex/Tmut       17%        3d8       28%         5
 Conjure Ball Lightning   Conj/Air       17%        3x3d6     83%         6
 Enfeeble                 Hex            17%        N/A       100%        7


Dungeon Overview and Level Annotations

Branches:
Dungeon (11/15)            Temple (1/1) D:4            Lair (0/5) D:10
    Orc (2/2) D:11            Elf (0/3) Orc:2

Altars:
Ashenzari
Cheibriados
Dithmenos
Elyvilon
Fedhas
Gozag
Hepliaklqana
Kikubaaqudgha
Makhleb
Nemelex Xobeh
Okawaru
Qazlal
Ru
Sif Muna
Trog
Uskayaw
Vehumet
Wu Jian
Xom
Yredelemnul
Zin
The Shining One

Shops:
D:7 (


Innate Abilities, Weirdness & Mutations

You are a tree.
Your roots penetrate the ground, keeping you stationary.
You cannot be teleported.
You are immune to unholy pain and torment.
Your maximum health is greatly increased.
Your equipment is partially melded.
((You have very sharp teeth.))
Your uncanny sense of smell can sniff out nearby items.
Your experience applies equally to all skills.
You occasionally lose the ability to drink potions when taking damage.


Message History

You occasionally lose the ability to drink potions when taking damage.
The orc warrior hits you with a +0 mace!
The orc warrior hits you but does no damage.
Unknown command.
It was a potion of brilliance.
You feel clever all of a sudden.
You kill the orc warrior!
Sif Muna accepts your kill.
The orc warrior no longer looks unusually strong.
The orc knight roars a battlecry!
The orc warrior goes into a battle-frenzy!
The orc warrior hits you from afar with a +0 halberd.
The orc warrior hits you from afar with a +0 trident.
You feel much better. You block the orc warrior's attack.
The orc warrior hits you but does no damage.
The orc knight hits you with a +0 great sword.
It was a potion of haste.
You feel yourself speed up.
The orc warrior hits you from afar with a +0 halberd.
The orc warrior hits you but does no damage.
The ettin hits you with a +0 dire flail!! x2
* * * LOW HITPOINT WARNING * * *
Okay, then.
You cannot blink because you are held in place by your roots.
You hit the orc knight but do no damage.
The orc knight looks as sick as possible!
The orc knight is severely wounded.
The orc knight hits you with a +0 great sword.
* * * LOW HITPOINT WARNING * * *
Unknown command.
You hit the ettin but do no damage.
The ettin is poisoned.
The ettin looks as sick as possible!
The ettin convulses.
The ettin seems to slow down.
The ettin is lightly wounded.
The orc warrior hits you from afar with a +0 halberd!
* * * LOW HITPOINT WARNING * * *
The orc warrior hits you from afar with a +0 trident!
* * * LOW HITPOINT WARNING * * *
You block the ettin's attack.
The ettin hits you with a +0 dire flail!
You die...

**,,,............#∆∆,*
**,,.#.........##,~,*
*,,,#_#.......##*,~,*
**,,..#....#....#*,~,*
*,,,.........#.##*,~,*
**,*.......)..##***+**
***##.##..oo##*,,∆,∆*
*###..oC##∆,,,,,**
*#.....o♣#*,,,,,,*
#...............,** #
##.....#......#.,,* ##
#.....#.....###*,** .#
##.#..,...### *** ##
####.#..## .### ######
...## ### ....###.##


You could see an orc knight (extremely poisoned, slow), an ettin (extremely
poisoned, slow) and 3 orc warriors.

Vanquished Creatures
  A hydra (D:9)
  5 two-headed ogres
  Sonja (D:10)
  Pikel (D:8)
  An orc sorcerer (Orc:1)
  An orc knight (D:10)
  An ugly thing (D:10)
  A cyclops (D:11)
  An ice statue (D:11)
  Maggie (D:9)
  A gargoyle (D:10)
  Psyche (D:8)
  2 trolls
  Grinder (D:3)
  A vampire (D:11)
  A shadow (D:10)
  2 wyverns
  12 yaks
  2 steam dragons
  An acid dragon (D:11)
  6 water moccasins
  Duvessa (D:6)
  9 orc warriors
  3 black bears
  An ice beast (D:8)
  A sky beast (D:6)
  5 ogres
  3 centaurs
  2 phantoms
  3 kobold brigands (D:8)
  A lemure (D:8)
  3 bullfrogs
  2 necrophages
  Blork the orc (D:4)
  A gnoll sergeant (D:7)
  A scorpion (D:10)
  5 wights (D:8)
  Dowan (D:6)
  7 killer bees
  9 howler monkeys
  4 hounds
  A gnoll bouda (D:8)
  10 orc priests
  4 jellies
  Terence (D:2)
  3 iguanas
  17 orc wizards
  6 adders
  12 gnolls
  2 shadow imps
  A worm (D:2)
  4 dart slugs
  62 orcs
  9 ball pythons
  9 endoplasms
  5 giant cockroaches
  14 goblins
  9 hobgoblins
  15 kobolds
  4 quokkas
  3 training dummies (D:7)
  7 bats
  4 frilled lizards
  3 rats
  A spectral orc (D:7)
313 creatures vanquished.

Vanquished Creatures (others)
  2 orcs (Orc:1)
  2 kobolds (D:8)
  40 fungi (D:10)
  37 plants (D:10)
81 creatures vanquished.

Grand Total: 394 creatures vanquished

Notes
Turn   | Place    | Note
-------+----------+-------------------------------------------
     0 | D:1      | greasedhog the Gnoll Wanderer began the quest for the Orb.
     0 | D:1      | greasedhog set off with the following items: a +0 dagger, a
                  | scroll of fear, a +0 robe, a piece from Xom's chessboard
                  | (15/15); and the following spells available to memorise:
                  | Freeze, Ozocubu's Armour, Ensorcelled Hibernation, Sting,
                  | Ignite Poison.
     0 | D:1      | Reached XP level 1. HP: 13/13 MP: 8/8
     2 | D:1      | Learned a level 1 spell: Freeze
   100 | D:1      | Reached XP level 2. HP: 13/19 MP: 3/10
   243 | D:1      | Learned a level 2 spell: Ensorcelled Hibernation
   652 | D:1      | Reached XP level 3. HP: 17/25 MP: 11/11
   914 | D:1      | Found a faded altar of an unknown god.
  1291 | D:2      | Reached skill level 1 in Invocations
  1337 | D:2      | Reached skill level 1 in Fighting
  1337 | D:2      | Reached skill level 1 in Short Blades
  1337 | D:2      | Reached skill level 1 in Long Blades
  1337 | D:2      | Reached skill level 1 in Axes
  1337 | D:2      | Reached skill level 1 in Maces & Flails
  1337 | D:2      | Reached skill level 1 in Polearms
  1337 | D:2      | Reached skill level 1 in Staves
  1337 | D:2      | Reached skill level 1 in Ranged Weapons
  1337 | D:2      | Reached skill level 1 in Throwing
  1337 | D:2      | Reached skill level 1 in Armour
  1337 | D:2      | Reached skill level 1 in Stealth
  1337 | D:2      | Reached skill level 1 in Shields
  1337 | D:2      | Reached skill level 1 in Unarmed Combat
  1819 | D:2      | Reached XP level 4. HP: 32/32 MP: 10/13
  2367 | D:2      | Reached skill level 1 in Conjurations
  2367 | D:2      | Reached skill level 1 in Hexes
  2367 | D:2      | Reached skill level 1 in Summonings
  2367 | D:2      | Reached skill level 1 in Necromancy
  2367 | D:2      | Reached skill level 1 in Translocations
  2367 | D:2      | Reached skill level 1 in Transmutations
  2367 | D:2      | Reached skill level 1 in Fire Magic
  2367 | D:2      | Reached skill level 1 in Air Magic
  2367 | D:2      | Reached skill level 1 in Earth Magic
  2367 | D:2      | Reached skill level 1 in Poison Magic
  2539 | D:3      | Noticed Terence
  2567 | D:2      | Killed Terence
  2774 | D:3      | Found a basalt altar of Yredelemnul.
  2922 | D:3      | Reached XP level 5. HP: 37/37 MP: 10/14
  3142 | D:3      | Learned a level 3 spell: Ozocubu's Armour
  3219 | D:3      | Identified the +5 sling of Cueduafu {vorpal, rN+ rCorr
                  | Dex+4 Stlth+}
  3612 | D:3      | Noticed Grinder
  3613 | D:3      | Paralysed by Grinder for 5 turns
  3634 | D:3      | Paralysed by Grinder for 5 turns
  3640 | D:3      | Killed Grinder
  3641 | D:3      | Reached XP level 6. HP: 44/44 MP: 7/16
  4183 | D:4      | Found a staircase to the Ecumenical Temple.
  4303 | Temple   | Entered the Ecumenical Temple
  4587 | D:4      | Reached XP level 7. HP: 50/50 MP: 18/18
  4890 | D:4      | Noticed Blork the orc
  4901 | D:4      | Killed Blork the orc
  5144 | D:4      | Found the +8 whip "Snakebite" {venom, curare, rPois}
  5415 | D:5      | Entered Level 5 of the Dungeon
  5442 | D:5      | Noticed a yak
  5443 | D:5      | Noticed a yak
  5444 | D:5      | Noticed a yak
  5473 | D:4      | Killed a yak
  5474 | D:4      | Reached XP level 8. HP: 34/58 MP: 19/19
  5808 | D:5      | Found a glowing golden altar of the Shining One.
  5901 | D:5      | Found a shimmering blue altar of Sif Muna.
  5916 | D:5      | Became a worshipper of Sif Muna the Loreminder
  5930 | D:5      | Found an ornate altar of the Wu Jian Council.
  5967 | D:5      | Killed a yak
  5971 | D:5      | Killed a yak
  6521 | D:6      | Found a glowing silver altar of Zin.
  6561 | D:6      | Reached XP level 9. HP: 61/65 MP: 21/21
  6704 | D:6      | Found a stormy altar of Qazlal.
  6810 | D:6      | Reached skill level 5 in Dodging
  6900 | D:6      | Noticed Duvessa
  6900 | D:6      | Noticed Dowan
  6906 | D:6      | Killed Duvessa
  6912 | D:6      | Killed Dowan
  6912 | D:6      | Reached * piety under Sif Muna
  7073 | D:6      | Identified the +5 whip of Ynuul {vorpal, rElec rC- rN+
                  | Str+3}
  7184 | D:7      | Found a hazy altar of Hepliaklqana.
  7532 | D:7      | Found Yphut's Firing Range.
  7598 | D:7      | Found a bloodstained altar of Trog.
  7614 | D:7      | Reached skill level 5 in Invocations
  7649 | D:7      | Reached ** piety under Sif Muna
  8128 | D:7      | Identified the +11 mace "Giwugri" {freeze, rElec rF+ Will-
                  | Dex+4}
  8324 | D:8      | Noticed Pikel
  8334 | D:8      | Killed Pikel
  8363 | D:8      | Reached skill level 5 in Fighting
  8363 | D:8      | Reached skill level 5 in Short Blades
  8363 | D:8      | Reached skill level 5 in Long Blades
  8363 | D:8      | Reached skill level 5 in Axes
  8363 | D:8      | Reached skill level 5 in Maces & Flails
  8363 | D:8      | Reached skill level 5 in Polearms
  8363 | D:8      | Reached skill level 5 in Staves
  8363 | D:8      | Reached skill level 5 in Ranged Weapons
  8363 | D:8      | Reached skill level 5 in Throwing
  8363 | D:8      | Reached skill level 5 in Armour
  8363 | D:8      | Reached skill level 5 in Stealth
  8363 | D:8      | Reached skill level 5 in Shields
  8363 | D:8      | Reached skill level 5 in Unarmed Combat
  8385 | D:8      | Reached XP level 10. HP: 74/74 MP: 22/22
  8577 | D:8      | Noticed Psyche
  8596 | D:8      | Killed Psyche
  8852 | D:8      | Reached *** piety under Sif Muna
  9149 | D:8      | Got Sif Muna's Monograph on the Hazy Summer
  9914 | D:9      | Found a radiant altar of Vehumet.
  9930 | D:9      | Reached skill level 5 in Conjurations
  9930 | D:9      | Reached skill level 5 in Hexes
  9930 | D:9      | Reached skill level 5 in Summonings
  9930 | D:9      | Reached skill level 5 in Necromancy
  9930 | D:9      | Reached skill level 5 in Translocations
  9930 | D:9      | Reached skill level 5 in Transmutations
  9930 | D:9      | Reached skill level 5 in Fire Magic
  9930 | D:9      | Reached skill level 5 in Air Magic
  9930 | D:9      | Reached skill level 5 in Earth Magic
  9930 | D:9      | Reached skill level 5 in Poison Magic
  9930 | D:9      | Reached XP level 11. HP: 81/81 MP: 24/24
  9985 | D:9      | Found a burning altar of Makhleb.
 10031 | D:9      | Found a shimmering altar of Xom.
 10032 | D:9      | Found a shimmering altar of Xom.
 10032 | D:9      | Found a shimmering altar of Xom.
 10033 | D:9      | Found a shimmering altar of Xom.
 10033 | D:9      | Found a shimmering altar of Xom.
 10033 | D:9      | Found a shimmering altar of Xom.
 10034 | D:9      | Found a shimmering altar of Xom.
 10034 | D:9      | Found a shimmering altar of Xom.
 10047 | D:9      | Noticed Maggie
 10059 | D:9      | Killed Maggie
 10154 | D:9      | Found a hide-covered altar of Uskayaw.
 10163 | D:9      | Found a snail-covered altar of Cheibriados.
 10479 | D:10     | Entered Level 10 of the Dungeon
 10479 | D:10     | Noticed a five-headed hydra
 10479 | D:10     | Noticed Sonja
 10489 | D:9      | Killed a five-headed hydra
 10595 | D:10     | Found a staircase to the Lair.
 10661 | D:10     | Killed Sonja
 10732 | D:10     | Reached **** piety under Sif Muna
 10819 | D:10     | Noticed a two-headed ogre
 10827 | D:10     | Killed a two-headed ogre
 10929 | D:10     | Noticed a red ugly thing
 10943 | D:10     | Killed a red ugly thing
 11042 | D:10     | Noticed an orc knight
 11083 | D:10     | Killed an orc knight
 11084 | D:10     | Reached skill level 10 in Spellcasting
 11222 | D:10     | Learned a level 2 spell: Wereblood
 11520 | D:11     | Found a staircase to the Orcish Mines.
 11659 | D:11     | Noticed a two-headed ogre
 11672 | D:11     | Killed a two-headed ogre
 12220 | D:11     | Noticed a cyclops
 12231 | D:11     | Killed a cyclops
 12356 | D:11     | Noticed a two-headed ogre
 12362 | D:11     | Killed a two-headed ogre
 12363 | D:11     | Reached XP level 12. HP: 91/91 MP: 26/26
 12707 | Orc:1    | Entered Level 1 of the Orcish Mines
 12757 | Orc:1    | Paralysed by an orc sorcerer for 3 turns
 12890 | Orc:2    | Entered Level 2 of the Orcish Mines
 12890 | Orc:2    | Noticed an ogre mage
 12890 | Orc:2    | Noticed a two-headed ogre
 12890 | Orc:2    | Noticed a two-headed ogre
 12890 | Orc:2    | Noticed a two-headed ogre
 12890 | Orc:2    | Found a staircase to the Elven Halls.
 12987 | Orc:2    | Killed a two-headed ogre
 12988 | Orc:2    | Killed a two-headed ogre
 12989 | Orc:2    | Reached skill level 10 in Evocations
 13176 | Orc:2    | Reached ***** piety under Sif Muna
 13185 | Orc:1    | Noticed an ettin
 13185 | Orc:1    | Found an iron altar of Okawaru.
 13210 | Orc:1    | Gained mutation: You occasionally lose the ability to drink
                  | potions when taking damage. [potion of mutation]
 13215 | Orc:1    | Mangled by an ettin

Illustrated notes

Levels and vault maps discovered:
D:1:      minmay_arrival_up_and_down, layout_rooms,
          hellmonk_ecumenical_altar_crossroads, minmay_worlds_worst_comb
D:2:      layout_basic, hangedman_abyss_or_decor_lesser_grid,
          minmay_tree_intersection, roderic_lattice_a, minmay_goblin_outpost
D:3:      layout_basic, mainiacjoe_overflow_alcove_1, uniq_grinder, uniq_terence
D:4:      layout_basic, minmay_temple_entry_grid, uniq_blork_the_orc
D:5:      layout_cave_pods, nicolae_wu_jian_glorious_leap,
          nicolae_sif_muna_condensation, overflow_temple_1_default
D:6:      layout_basic, kennysheep_mini_moat, mainiacjoe_overflow_24_doors,
          uniq_duvessa
D:7:      layout_loops_ring, trog_three_pillars_becter,
          nicolae_hepliaklqana_monster_ancestors, nicolae_shop_firing_range
D:8:      layout_rooms, uniq_psyche, uniq_pikel
D:9:      layout_loops_ring, xom_redecorated, mainiacjoe_overflow_swirl,
          mainiacjoe_overflow_alcove_4, mainiacjoe_overflow_six_doors_small,
          minmay_misc_feat_encased, uniq_maggie
D:10:     layout_loops_ring, due_lair_maze_entry_diamond, minivault_20,
          uniq_sonja
D:11:     layout_stronghold, david_orc_3, minmay_statue_bubble
Temple:   jpeg_temple_island
Orc:1:    layout_caves, ebering_ghost_reflecting_pool, okawaru_metal_pillars_1_2
Orc:2:    grunt_orc_cross, layout_diamond_mine, lemuel_statue_altar

Skill      XL: |  1  2  3  4  5  6  7  8  9 10 11 12 |
---------------+-------------------------------------+-----
Invocations    | 1 2 3 4 5 6 7 8 |  8.2
Fighting       | 1 2 3 5 6 7 |  7.5
Short Blades   | 1 2 3 5 6 7 |  7.5
Long Blades    | 1 2 3 5 6 7 |  7.5
Axes           | 1 2 3 5 6 7 |  7.5
Maces & Flails | 1 2 3 5 6 7 |  7.5
Polearms       | 1 2 3 5 6 7 |  7.5
Staves         | 1 2 3 5 6 7 |  7.5
Ranged Weapons | 1 2 3 5 6 7 |  7.5
Throwing       | 1 2 3 5 6 7 |  7.5
Armour         | 1 2 3 5 6 7 |  7.5
Stealth        | 1 2 3 5 6 7 |  7.5
Shields        | 1 2 3 5 6 7 |  7.5
Unarmed Combat | 1 2 3 5 6 7 |  7.5
Conjurations   | 1 2 3 4 5 6 |  6.2
Hexes          | 1 2 3 4 5 6 |  6.2
Summonings     | 1 2 3 4 5 6 |  6.2
Necromancy     | 1 2 3 4 5 6 |  6.2
Translocations | 1 2 3 4 5 6 |  6.2
Transmutations | 1 2 3 4 5 6 |  6.2
Fire Magic     | 1 2 3 4 5 6 |  6.2
Air Magic      | 1 2 3 4 5 6 |  6.2
Earth Magic    | 1 2 3 4 5 6 |  6.2
Poison Magic   | 1 2 3 4 5 6 |  6.2
Dodging        | 3 4 5 6 7 8 |  8.0
Evocations     | 7 8 9 10 | 10.0
Ice Magic      | 6 7 8 |  8.4
Spellcasting   | 8 9 10 | 10.4

Action                   |  1- 3 |  4- 6 |  7- 9 | 10-12 || total
-------------------------+-------+-------+-------+-------++-------
Melee: Dagger            |    71 |    63 |       |       ||   134
       Punch             |     2 |     2 |       |    12 ||    16
       Bite              |     8 |     6 |     5 |    27 ||    46
       Flail             |       |     6 |       |       ||     6
       Whip              |       |       |    84 |   218 ||   302
       Mace              |       |       |       |    29 ||    29
 Fire: Sling             |       |    57 |   222 |   345 ||   624
 Cast: Freeze            |    32 |    52 |     6 |     2 ||    92
       Ensorcelled Hiber |     2 |     4 |       |     7 ||    13
       Ozocubu's Armour  |       |     1 |     4 |     6 ||    11
       Wereblood         |       |       |       |     1 ||     1
Evoke: Piece from Xom's  |     1 |       |       |     1 ||     2
       Wand              |       |       |       |    10 ||    10
  Use: Scroll            |     1 |     2 |     1 |     9 ||    13
       Potion            |       |     2 |     2 |    12 ||    16
 Stab: Paralysed         |     1 |       |       |     3 ||     4
       Sleeping          |     2 |       |       |       ||     2
       Invisible         |       |       |       |     7 ||     7
Armor: Robe              |    24 |    17 |     2 |       ||    43
       Leather armour    |       |       |    34 |    13 ||    47
       Steam dragon scal |       |       |       |     7 ||     7
       Troll leather arm |       |       |       |    42 ||    42
       Skin              |       |       |       |     5 ||     5
Dodge: Dodged            |    87 |   113 |   131 |   377 ||   708
Block: Buckler           |       |       |       |    47 ||    47
